 Dungeon Crawl Stone Soup version 0.29.1-15-g9cfb28693d (webtiles) character file.

Game seed: 13378162799609704054

4762 112233 the Destroyer (level 10, -1/63 HPs)
             Began as an Octopode Conjurer on Feb 25, 2023.
             Was an Initiate of Gozag.
             Slain by a wraith (12 damage)
             ... on level 9 of the Dungeon.
             The game lasted 00:14:06 (12939 turns).

112233 the Destroyer (Octopode Conjurer)           Turns: 12939, Time: 00:14:07

Health: -1/63      AC:  1    Str:  7    XL:     10   Next: 47%
Magic:  8/22       EV: 16    Int: 24    God:    Gozag
Gold:   1459       SH:  0    Dex: 11    Spells: 11/25 levels left

rFire   . . .      SeeInvis .   q - +2 war axe (freeze)
rCold   + . .      Faith    .   (no shield)
rNeg    . . .      Spirit   .   (helmet restricted)
rPois   .          Reflect  .   (no amulet)
rElec   .          Harm     .   j - ring of resist corrosion
rCorr   +          Rampage  .   o - ring of willpower
Will    +....                   C - ring of protection from cold
Stlth   +++.......              (no ring)
HPRegen 0.20/turn               (no ring)
MPRegen 0.18/turn               (no ring)
                                (no ring)
                                (no ring)

@: slowed, very slow
A: almost no armour, amphibious, 8 rings, camouflage 1, gelatinous body 1,
(nimble swimmer 1), tentacles
a: Renounce Religion, Potion Petition, Call Merchant, Bribe Branch


You were on level 9 of the Dungeon.
You worshipped Gozag.
Gozag was most pleased with you.
You visited 2 branches of the dungeon, and saw 10 of its levels.
You also visited: Ossuary and Bailey.

You collected 1604 gold pieces.
You paid 145 gold pieces to Gozag.

Inventory:

Hand Weapons
 q - a +2 war axe of freezing (weapon)
Armour
 y - a +0 buckler
Jewellery
 b - an amulet of guardian spirit
 j - a ring of resist corrosion (left tentacle)
 o - a ring of willpower (right tentacle)
 C - a ring of protection from cold (on tentacle)
 E - a +6 ring of intelligence
Wands
 t - a wand of iceblast (4)
 x - a wand of polymorph (5)
 z - a wand of quicksilver (1)
Scrolls
 d - 8 scrolls of teleportation
 h - 2 scrolls of fog
 i - 2 scrolls of poison
 l - a scroll of enchant armour
 p - 5 scrolls of noise
 r - 3 scrolls of fear
 s - a scroll of blinking
 u - 3 scrolls of enchant weapon
 w - a scroll of amnesia {unknown}
 F - a scroll of silence
 H - a scroll of summoning {unknown}
 I - 2 scrolls of brand weapon {unknown}
Potions
 a - 4 potions of magic
 c - 4 potions of might {unknown}
 e - a potion of flight
 f - 2 potions of curing
 g - a potion of resistance
 k - 3 potions of haste
 m - 3 potions of attraction {unknown}
 n - a potion of berserk rage {unknown}
 v - 3 potions of mutation {unknown}
 A - a potion of ambrosia {unknown}
 B - 7 potions of heal wounds {unknown}
 D - 2 potions of cancellation {unknown}
 G - a potion of invisibility {unknown}


   Skills:
 + Level 3.3 Fighting
 + Level 8.7 Dodging
 - Level 3.0 Stealth
 + Level 8.0 Spellcasting
 + Level 9.4 Conjurations


You had 11 spell levels left.
You knew the following spells:

 Your Spells              Type           Power      Damage    Failure   Level
a - Magic Dart            Conj           100%       1d8       1%          1
b - Searing Ray           Conj           100%       2d8       1%          2
c - Apportation           Tloc           18%        N/A       6%          1
d - Fulminant Prism       Conj/Hex       16%        3d11      10%         4
e - Iskenderun's Mystic   Conj/Tloc      32%        2d8       10%         4
f - Blink                 Tloc           18%        N/A       10%         2

Your spell library contained the following spells:

 Spells                   Type           Power      Damage    Failure   Level
 Dazzling Flash           Conj/Hex       64%        N/A       2%          3
 Necrotise                Necr           36%        1d5       6%          1
 Summon Small Mammal      Summ           36%        N/A       6%          1
 Lesser Beckoning         Tloc           9%         N/A       19%         3
 Portal Projectile        Hex/Tloc       18%        N/A       19%         3
 Tukima's Dance           Hex            9%         N/A       19%         3
 Starburst                Conj/Fire      16%        6d6       82%         6
 Blade Hands              Tmut           4%         N/A       87%         5
 Manifold Assault         Tloc           9%         N/A       87%         5


Dungeon Overview and Level Annotations

Branches:
Dungeon (9/15)             Temple (1/1) D:7            Lair (0/5) D:9
Ossuary (visited)          Bailey (visited)
    Orc: D:9-12

Altars:
Ashenzari
Cheibriados
Dithmenos
Elyvilon
Fedhas
Gozag
Hepliaklqana
Makhleb
Nemelex Xobeh
Okawaru
Qazlal
Ru
Sif Muna
Wu Jian
Xom
Yredelemnul
Zin
The Shining One

Shops:
D:2 (

Annotations:
D:5 1 runed translucent door, Crazy Yiuf
D:6 3 runed translucent doors, dvd2's ghost, novice FoFi
D:7 1 runed translucent door, McKennaii's ghost, novice DgEE


Innate Abilities, Weirdness & Mutations

You cannot wear most types of armour.
You are amphibious.
You can wear up to eight rings at the same time.
Your skin changes colour to match your surroundings (Stealth+).
Your rubbery body absorbs attacks. (AC +1, EV +1)
((You are camouflaged when in or above water. (Stealth+)))
You have tentacles for arms and can constrict up to eight enemies at once.


Message History

The wraith hits you! The wraith drains your vigour!
You feel yourself slow down.
The searing ray hits the wraith.
The wraith is severely damaged.
The wraith barely misses you. x2
The searing ray hits the wraith but does no damage.
The wraith is severely damaged.
The wraith misses you.
The searing ray hits the wraith but does no damage.
The wraith is severely damaged.
You finish channelling your searing ray.
The wraith misses you. The wraith hits you! The wraith drains your vigour!
You feel as though you will be slow longer.
Casting: Searing Ray (safe; 1% risk of failure)
Confirm with . or Enter, or press ? or * to list all spells.
Aiming: Searing Ray (safe; 1% risk of failure)
Press: ? - help, Shift-Dir - straight line, f/p - wraith
Aim: a wraith (heavily damaged, 83% to hit)
The searing ray hits the wraith.
The wraith is severely damaged. (Press . to maintain the ray.)
The wraith barely misses you.
The searing ray misses the wraith.
The wraith hits you! The wraith misses you.
The searing ray misses the wraith.
The wraith barely misses you.
The searing ray hits the wraith!
The wraith is almost destroyed.
You finish channelling your searing ray.
The wraith hits you!
* * * LOW HITPOINT WARNING * * *
The wraith hits you!
* * * LOW HITPOINT WARNING * * *
The wraith drains your vigour!
You feel as though you will be slow longer.
You feel better. The wraith hits you.
* * * LOW HITPOINT WARNING * * *
You feel better. The wraith hits you.
* * * LOW HITPOINT WARNING * * *
The wraith hits you!
You die...
Your body crumbles into a pile of gold.

#......# #....~.# #......#
########### #......#
#.......... #......#
#.....$.... #......#
#.......... ###...##
#......>... #...#
#####..........
#...#######..@W........!.
####........>..###..........
......######.### #########..
......# #........... ......#
#....####### ...<### ##+++#
....# ....# ....#


You could see a wraith.

Vanquished Creatures
  An orc knight (Bailey)
  Sigmund (D:3)
  A wyvern (D:9)
  A shadow (D:9)
  5 yaks (D:9)
  Edmund (D:4)
  A steam dragon (D:9)
  A water moccasin (D:8)
  2 black bears
  3 ogres
  An orc warrior (D:7)
  An ice beast (D:8)
  2 centaurs (D:7)
  2 phantoms
  2 scorpions
  2 bullfrogs (D:7)
  2 gnoll sergeants
  4 wights (D:6)
  8 water moccasin zombies (Ossuary)
  4 killer bees (D:9)
  A jelly (D:5)
  8 hounds
  4 iguanas
  2 orc wizards (D:7)
  2 mummies (Ossuary)
  2 adders
  16 gnolls
  A shadow imp (D:6)
  A white imp (D:5)
  An adder zombie (Ossuary)
  3 dart slugs
  17 orcs
  7 ball pythons
  8 endoplasms
  3 giant cockroaches
  4 gnoll zombies (Ossuary)
  5 goblins
  3 hobgoblins
  5 jackals
  4 quokkas
  3 bats
  4 frilled lizards
  5 hobgoblin zombies (Ossuary)
  4 kobolds
  10 kobold zombies (Ossuary)
  4 orc zombies (Ossuary)
  3 rats
175 creatures vanquished.

Vanquished Creatures (others)
  2 bushes (D:7)
  8 fulminant prisms
10 creatures vanquished.

Grand Total: 185 creatures vanquished

Notes
Turn   | Place    | Note
-------+----------+-------------------------------------------
     0 | D:1      | 112233 the Octopode Conjurer began the quest for the Orb.
     0 | D:1      | Reached XP level 1. HP: 11/11 MP: 3/3
    63 | D:1      | Found a faded altar of an unknown god.
    78 | D:1      | Reached XP level 2. HP: 17/17 MP: 0/5
   995 | D:2      | Reached XP level 3. HP: 20/21 MP: 0/6
  1092 | D:2      | Found Uvajo's Weapon Boutique.
  1543 | D:2      | Learned a level 2 spell: Searing Ray
  1716 | D:2      | Found an ornate altar of the Wu Jian Council.
  2207 | D:3      | Noticed Sigmund
  2209 | D:3      | HP: 1/21 [Sigmund/magic dart (9)]
  2667 | D:4      | Reached XP level 4. HP: 20/27 MP: 1/8
  3100 | D:4      | Found a white marble altar of Elyvilon.
  3287 | D:4      | Reached XP level 5. HP: 28/31 MP: 2/9
  3545 | D:4      | Noticed Edmund
  3582 | D:5      | Entered Level 5 of the Dungeon
  3649 | D:5      | Reached skill level 5 in Conjurations
  3933 | D:5      | Found a sand-covered staircase.
  3974 | Ossuary  | Entered an ossuary
  4045 | Ossuary  | Reached XP level 6. HP: 18/36 MP: 1/11
  4245 | Ossuary  | Reached XP level 7. HP: 31/41 MP: 2/13
  4613 | Ossuary  | Reached skill level 6 in Conjurations
  4743 | Ossuary  | Reached skill level 5 in Dodging
  5530 | D:5      | Reached XP level 8. HP: 35/46 MP: 4/15
  5662 | D:5      | Found a runed translucent door.
  5663 | D:5      | Noticed Crazy Yiuf
  5717 | D:6      | Noticed dvd2's ghost (novice FoFi)
  5720 | D:6      | Reached skill level 5 in Spellcasting
  5748 | D:6      | Found a runed translucent gate.
  5748 | D:6      | Found a runed translucent gate.
  5750 | D:6      | Found a runed translucent gate.
  5937 | D:6      | Learned a level 1 spell: Apportation
  5942 | D:6      | Learned a level 4 spell: Fulminant Prism
  5947 | D:6      | Learned a level 4 spell: Iskenderun's Mystic Blast
  6452 | D:6      | Reached skill level 7 in Conjurations
  6574 | D:6      | Found a glowing golden altar of the Shining One.
  7787 | D:7      | Reached XP level 9. HP: 51/51 MP: 12/18
  7949 | D:7      | Found a runed translucent door.
  7950 | D:7      | Noticed McKennaii's ghost (novice DgEE)
  7955 | D:7      | Found a staircase to the Ecumenical Temple.
  7964 | Temple   | Entered the Ecumenical Temple
  8323 | D:7      | Identified the +1 robe of Follow the Leader {rN+}
  8491 | D:7      | Reached skill level 8 in Conjurations
  8785 | D:7      | Found a sparkling altar of Nemelex Xobeh.
  9171 | D:3      | Killed Sigmund
 10082 | D:4      | Killed Edmund
 10222 | D:4      | Learned a level 2 spell: Blink
 10675 | D:8      | Found a flagged portal.
 10684 | Bailey   | Entered a bailey
 11386 | Bailey   | Noticed an orc knight
 11396 | Bailey   | Identified a scroll of acquirement
 11404 | Bailey   | Acquired 1099 gold pieces
 11414 | Bailey   | Killed an orc knight
 11415 | Bailey   | Reached skill level 1 in Fighting
 11415 | Bailey   | Reached XP level 10. HP: 49/60 MP: 19/21
 11420 | Bailey   | Reached skill level 9 in Conjurations
 12164 | D:9      | Found an opulent altar of Gozag.
 12200 | D:9      | Became a worshipper of Gozag Ym Sagoz the Greedy
 12913 | D:9      | Found a staircase to the Lair.
 12939 | D:9      | Slain by a wraith

Illustrated notes

Levels and vault maps discovered:
D:1:      psy_arrival_basics, layout_basic, basic_ecumenical_altar
D:2:      minmay_evil_eye, layout_rooms, serial_shops, shop, basic_altar,
          nicolae_elevator_lobby_plus
D:3:      layout_basic, serial_glass, glass_columns_a, glass_columns_a,
          nicolae_concentric_dashed_squares_wild, uniq_sigmund
D:4:      layout_cave_pods, kennysheep_little_box, serial_rivers,
          chequers_serial_rivers_room_b, chequers_serial_rivers_small_3,
          chequers_serial_rivers_large_b, chequers_serial_rivers_micro_c,
          chequers_serial_rivers_small_3, chequers_serial_rivers_micro_b,
          uniq_edmund
D:5:      layout_loops_ring, nicolae_ossuary_entry_plus,
          chequers_serial_rivers_micro_a, uniq_crazy_yiuf_cottage
D:6:      layout_rooms, mainiacjoe_overflow_alcove_2, gammafunk_ghost_split,
          hangedman_abyss_or_decor_passed, hangedman_glass_teeth
D:7:      layout_basic, nemelex_dance_club_becter,
          minmay_temple_entry_gardened_gates, ebering_ghost_reflecting_pool,
          minmay_hedge_maze, serial_bayou_pond_e
D:8:      layout_basic, enter_bailey_6
D:9:      layout_basic, old_standard_altar, mainiacjoe_overflow_big_doors
Temple:   jpeg_temple_clearing

Skill      XL: |  1  2  3  4  5  6  7  8  9 10 |
---------------+-------------------------------+-----
Stealth        | 3 |  3.0
Dodging        | 3 4 5 6 8 |  8.7
Spellcasting   | 3 4 6 7 8 |  8.0
Conjurations   | 5 6 7 8 9 |  9.4
Fighting       | 1 3 |  3.3

Action                   |  1- 3 |  4- 6 |  7- 9 | 10-12 || total
-------------------------+-------+-------+-------+-------++-------
Melee: Unarmed           |     2 |     2 |       |       ||     4
       Constrict         |     1 |       |     2 |       ||     3
       Tentacles         |       |     1 |     1 |       ||     2
       War axe           |       |    27 |     9 |     1 ||    37
 Cast: Magic Dart        |    72 |    38 |    95 |    13 ||   218
       Searing Ray       |     1 |     6 |    70 |    19 ||    96
       Fulminant Prism   |       |       |       |     8 ||     8
Evoke: Wand              |       |       |     6 |       ||     6
  Use: Scroll            |       |     2 |    13 |     1 ||    16
       Potion            |       |     4 |     2 |     3 ||     9
Armor: Skin              |       |    40 |     1 |       ||    41
Dodge: Dodged            |     3 |    11 |    67 |    35 ||   116
